 Dungeon Crawl Stone Soup version 0.24-a0-269-g32ec7ca (webtiles) character file.

Game seed: 4860305206831974445

47885 Firecrotchwizard the Bludgeoner (level 14, -4/136 HPs)
             Began as a Deep Dwarf Fighter on Apr 22, 2019.
             Was the Champion of Makhleb.
             Slain by a 20-headed hydra (9 damage)
             ... on level 6 of the Lair of Beasts.
             The game lasted 00:46:44 (16666 turns).

Firecrotchwizard the Bludgeoner (DDFi)             Turns: 16666, Time: 00:46:44

Health: -4/136     AC: 17    Str: 32    XL:     14   Next: 10%
Magic:  7/7        EV:  9    Int:  8    God:    Makhleb [******]
Gold:   1452       SH: 15    Dex: 14    Spells: 13/13 levels left

rFire    . . .     SeeInvis .   W - +1 war axe of Strategic Superiority {vamp, +Rage rN+ Dex+2}
rCold    + + .     Gourm    .   c - +1 shield
rNeg     + + .     Faith    .   Q - +0 ice dragon scales
rPois    .         Spirit   .   R - +0 helmet
rElec    .         Reflect  .   z - scarf {rC+ rF+}
rCorr    .         Harm     .   B - +2 pair of gloves
MR       ++...                  w - +2 pair of boots
Stlth    ..........             A - amulet "Loteefuur" {+Rage rC- Str+3}
HPRegen  0.00/turn              q - ring of flight {+Fly, !d}
MPRegen  0.10/turn              V - +3 ring of strength

@: non-regenerating
A: damage resistance, heal wounds, negative energy resistance 1, sense
surroundings 2, no regeneration
a: Heal Wounds, Minor Destruction, Lesser Servant of Makhleb, Major Destruction,
Greater Servant of Makhleb, Renounce Religion, Evoke Berserk Rage, Evoke Flight


You were on level 6 of the Lair of Beasts.
You worshipped Makhleb.
Makhleb was exalted by your worship.
You were not hungry.

You visited 3 branches of the dungeon, and saw 19 of its levels.
You also visited: Ice Cave.

You collected 1452 gold pieces.

Inventory:

Hand Weapons
 a - a +1 flail
 y - the +8 mace of Descent {holy, Str+2}
   (You found it on level 7 of the Dungeon)

   It has been blessed by the Shining One to cause great damage to the undead
   and demons.
   It affects your strength (+2).
 L - a +0 morningstar
   (You took it off an orc warrior on level 9 of the Dungeon)
 S - a +0 blowgun
   (You took it off Sonja on level 2 of the Lair of Beasts)
 W - the +1 war axe of Strategic Superiority (weapon) {vamp, +Rage rN+ Dex+2}
   (You found it on level 4 of the Lair of Beasts)

   It inflicts no extra harm, but heals its wielder when it wounds a living foe.
   It affects your dexterity (+2).
   It protects you from negative energy.
   It lets you go berserk.
Missiles
 g - 11 curare-tipped needles
 H - 2 throwing nets {=f, !d}
Armour
 c - a +1 shield (worn)
 w - a +2 pair of boots (worn)
   (You found it on level 3 of the Dungeon)
 z - a scarf of resistance (worn)
   (You found it on level 6 of the Dungeon)
 B - a +2 pair of gloves (worn)
   (You found it on level 6 of the Dungeon)
 Q - +0 ice dragon scales (worn)
   (You found it on level 11 of the Dungeon)
 R - a +0 helmet (worn)
   (You found it on level 11 of the Dungeon)
Jewellery
 q - a ring of flight (left hand) {+Fly, !d}
   (You found it on level 3 of the Dungeon)
 s - an uncursed amulet of magic regeneration
   (You took it off an orc on level 3 of the Dungeon)
 A - the amulet "Loteefuur" (around neck) {+Rage rC- Str+3}
   (You found it on level 6 of the Dungeon)

   [amulet of rage]

   It affects your strength (+3).
   It makes you vulnerable to cold.
   It lets you go berserk.
 V - a +3 ring of strength (right hand)
   (You found it on level 3 of the Lair of Beasts)
 X - a +6 ring of evasion {unknown}
   (You found it on level 6 of the Lair of Beasts)
Wands
 x - a wand of iceblast (17)
   (You found it on level 3 of the Dungeon)
 C - a wand of clouds (2)
   (You found it on level 8 of the Dungeon)
 F - a wand of flame (33)
   (You found it on level 8 of the Dungeon)
 O - a wand of enslavement (23)
   (You found it on level 10 of the Dungeon)
 P - a wand of polymorph (13)
   (You found it on level 1 of the Lair of Beasts)
Scrolls
 e - 11 scrolls of remove curse
 h - 3 scrolls of fog
 i - 4 scrolls of fear
 j - 11 scrolls of identify
 k - 6 scrolls of amnesia
 l - 10 scrolls of teleportation
 J - a scroll of magic mapping {!r}
 N - 2 scrolls of summoning
 U - 3 scrolls of enchant weapon
 Y - a scroll of acquirement
Potions
 b - a potion of lignification {unknown}
 d - 4 potions of might
 m - 4 potions of haste
 n - 5 potions of heal wounds {unknown}
 o - 2 potions of magic {unknown}
 p - 2 potions of resistance {unknown}
 r - 2 potions of brilliance
 t - 3 potions of mutation {!q}
 u - 12 potions of curing
 v - 2 potions of degeneration {unknown}
 D - 4 potions of ambrosia
 E - a potion of berserk rage {unknown}
 G - 2 potions of cancellation
 M - 5 potions of flight
 T - 2 potions of agility
Miscellaneous
 K - a fan of gales
   (You found it on level 9 of the Dungeon)
Comestibles
 f - 26 rations
 I - a chunk of flesh {@w0}


   Skills:
 + Level 11.7 Fighting
 - Level 16.0 Maces & Flails
 - Level 3.2 Armour
 * Level 11.5 Shields
 + Level 11.8 Invocations


You had 13 spell levels left.
You didn't know any spells.
Your spell library contained the following spells:

 Spells                   Type           Power        Failure   Level  Hunger
 Animate Skeleton         Necr           N/A          83%         1    ##.....
 Apportation              Tloc           #.....       83%         1    ##.....
 Confusing Touch          Hex            #.....       83%         1    ##.....
 Freeze                   Ice            #...         83%         1    ##.....
 Shock                    Conj/Air       #...         83%         1    ##.....
 Summon Small Mammal      Summ           #...         83%         1    ##.....
 Swiftness                Chrm/Air       #.......     93%         2    ###....
 Throw Frost              Conj/Ice       #.....       93%         2    ###....
 Ozocubu's Armour         Chrm/Ice       #.......     99%         3    ####...
 Static Discharge         Conj/Air       #.......     99%         3    ####...
 Airstrike                Air            #.........   100%        4    #####..
 Ice Form                 Ice/Tmut       #.......     100%        4    #####..
 Summon Ice Beast         Ice/Summ       #.......     100%        4    #####..
 Throw Icicle             Conj/Ice       #.......     100%        4    #####..
 Lightning Bolt           Conj/Air       #.........   100%        5    ######.
 Metabolic Englaciation   Hex/Ice        #.........   100%        5    ######.
 Bolt of Cold             Conj/Ice       #.........   100%        6    #######
 Freezing Cloud           Conj/Ice/Air   #.........   100%        6    #######
 Ozocubu's Refrigeration  Ice            #.........   100%        6    #######
 Simulacrum               Ice/Necr       #.........   100%        6    #######


Dungeon Overview and Level Annotations

Branches:
Dungeon (12/15)            Temple (1/1) D:6            Lair (6/6) D:11
  Swamp (0/4) Lair:2       Spider (0/4) Lair:4        Slime (0/5) Lair:6
    Orc (0/2) D:9

Altars:
Ashenzari
Dithmenos
Elyvilon
Gozag
Kikubaaqudgha
Makhleb
Nemelex Xobeh
Qazlal
Trog
Uskayaw
Xom
Yredelemnul
Zin
The Shining One

Shops:
D:9 :   D:11 :

Annotations:
D:7 1 runed translucent door, Crazy Yiuf
D:9 exclusion: ice statue
Lair:2 exclusion: 2 oklob plants


Innate Abilities, Weirdness & Mutations

You are resistant to damage.
You can heal yourself by infusing magical energy.
You resist negative energy. (rN+)
You passively map the area around you.
You do not regenerate.


Message History

You lop one of the 16-headed hydra's heads off!
The 15-headed hydra grows two more!
You slice the 17-headed hydra!!
You feel better. The 17-headed hydra barely misses you.
You block the 17-headed hydra's attack.
The 17-headed hydra bites you but does no damage. x4
You block the 17-headed hydra's attack.
The 17-headed hydra bites you but does no damage.
The 17-headed hydra barely misses you. The 17-headed hydra bites you.
The 17-headed hydra bites you!
The 17-headed hydra bites you but does no damage.
The 17-headed hydra bites you!
The 17-headed hydra bites you but does no damage. x2
You block the 17-headed hydra's attack. The 17-headed hydra bites you.
You take 3 damage, and have 92/136 hp.
You barely miss the 17-headed hydra. The 17-headed hydra barely misses you.
You block the 17-headed hydra's attack.
The 17-headed hydra bites you but does no damage.
The 17-headed hydra bites you!
The 17-headed hydra bites you but does no damage.
The 17-headed hydra bites you. x2
The 17-headed hydra bites you but does no damage.
You block the 17-headed hydra's attack. The 17-headed hydra barely misses you.
The 17-headed hydra bites you but does no damage.
The 17-headed hydra bites you. x2; You block the 17-headed hydra's attack. x2
The 17-headed hydra bites you but does no damage.
You block the 17-headed hydra's attack.
You barely miss the 17-headed hydra. The 17-headed hydra misses you.
You block the 17-headed hydra's attack. x2; The 17-headed hydra bites you!
The 17-headed hydra bites you but does no damage.
The 17-headed hydra barely misses you. You block the 17-headed hydra's attack.
The 17-headed hydra bites you! The 17-headed hydra bites you. x2
The 17-headed hydra closely misses you. The 17-headed hydra bites you.
The 17-headed hydra bites you but does no damage.
The 17-headed hydra bites you! The 17-headed hydra bites you.
You block the 17-headed hydra's attack. The 17-headed hydra barely misses you.
You take 39 damage, and have 53/136 hp.
MASSIVE DAMAGE!!
You hack one of the 17-headed hydra's heads off!
The 16-headed hydra grows two more!
You slice the 18-headed hydra!!
You feel better.
The 18-headed hydra bites you but does no damage. x3
The 18-headed hydra bites you! The 18-headed hydra bites you. x2
You block the 18-headed hydra's attack. x2
The 18-headed hydra barely misses you. You block the 18-headed hydra's attack.
The 18-headed hydra barely misses you.
The 18-headed hydra bites you but does no damage.
The 18-headed hydra bites you!
The 18-headed hydra bites you but does no damage.
The 18-headed hydra bites you.
The 18-headed hydra bites you but does no damage. x2
The 18-headed hydra barely misses you.
You take 7 damage, and have 46/136 hp.
You lop one of the 18-headed hydra's heads off!
The 17-headed hydra grows two more!
You slice the 19-headed hydra!!
The 19-headed hydra bites you but does no damage. x2
The 19-headed hydra bites you.
The 19-headed hydra bites you but does no damage.
You block the 19-headed hydra's attack. The 19-headed hydra closely misses you.
The 19-headed hydra misses you. You block the 19-headed hydra's attack.
The 19-headed hydra bites you!
* * * LOW HITPOINT WARNING * * *
The 19-headed hydra bites you but does no damage. x4
You block the 19-headed hydra's attack. x2
The 19-headed hydra bites you but does no damage. x3
The 19-headed hydra bites you.
* * * LOW HITPOINT WARNING * * *
You barely miss the 19-headed hydra.
The 19-headed hydra bites you but does no damage.
You block the 19-headed hydra's attack. The 19-headed hydra bites you. x3
* * * LOW HITPOINT WARNING * * *
The 19-headed hydra closely misses you.
The 19-headed hydra bites you but does no damage.
The 19-headed hydra bites you.
* * * LOW HITPOINT WARNING * * *
The 19-headed hydra bites you!
* * * LOW HITPOINT WARNING * * *
The 19-headed hydra bites you but does no damage.
The 19-headed hydra barely misses you. x2
You block the 19-headed hydra's attack. The 19-headed hydra bites you.
The 19-headed hydra completely misses you.
The 19-headed hydra bites you.
* * * LOW HITPOINT WARNING * * *
The 19-headed hydra bites you!
* * * LOW HITPOINT WARNING * * *
The 19-headed hydra bites you.
* * * LOW HITPOINT WARNING * * *
The 19-headed hydra closely misses you.
You slice one of the 19-headed hydra's heads off!
The 18-headed hydra grows two more!
You slash the 20-headed hydra!
You feel better. You block the 20-headed hydra's attack.
The 20-headed hydra bites you but does no damage.
The 20-headed hydra bites you!
* * * LOW HITPOINT WARNING * * *
The 20-headed hydra bites you.
* * * LOW HITPOINT WARNING * * *
You block the 20-headed hydra's attack. x2
The 20-headed hydra bites you but does no damage.
You block the 20-headed hydra's attack. The 20-headed hydra bites you.
The 20-headed hydra bites you!
You die...

#♣### ♣♣♣.#.# *
* ♣♣♣♣....## **
, ♣♣♣.♣....## ,
♣♣♣..♣.†...## *
**♣@.♣♣♣♣♣....#
* ♣DD♣♣♣ ♣♣..##
*, ♣.k♣* ♣...(#
* ♣..♣ ♣♣...#
*, ♣.. ♣♣...P##
♣.. ♣......# *,
♣.. ♣......# ,,
. ♣♣..♣
♣......#
,..♣♣♣., *♣♣♣♣♣
♣♣♣..P##


You could see a 20-headed hydra, a four-headed hydra and a rime drake.

Vanquished Creatures
  Gastronok (Lair:3)
  2 hydras (Lair:4)
  An ice dragon (D:11)
  A centaur warrior (D:9)
  5 death yaks (Lair:6)
  Nergalle (Lair:2)
  Sonja (Lair:2)
  An ugly thing (D:11)
  A necromancer (IceCv)
  A manticore (Lair:4)
  6 elephants
  2 black mambas
  An ice statue (IceCv)
  A gargoyle (D:10)
  9 komodo dragons
  7 spiny frogs
  2 kobold demonologists (D:11)
  A rime drake (Lair:4)
  10 freezing wraiths (IceCv)
  4 tyrant leeches (Lair:2)
  3 jumping spiders (Lair:4)
  2 polar bears
  3 trolls
  A wolf spider simulacrum (IceCv)
  A meliai zombie (D:10)
  4 blink frogs (Lair:6)
  A slime creature (Lair:6)
  6 dream sheep
  8 hippogriffs
  4 redbacks (Lair:4)
  2 shadows
  5 wyverns
  2 hungry ghosts
  37 yaks
  7 basilisks
  2 wargs (D:11)
  A swamp worm (Lair:2)
  Edmund (D:4)
  7 water moccasins
  Duvessa (D:6)
  3 porcupines
  9 orc warriors
  7 ice beasts
  4 sky beasts
  2 black bears
  An eye of draining (D:10)
  A necrophage (D:9)
  8 ogres
  3 phantoms
  5 centaurs
  3 wolves (Lair:3)
  13 crocodiles
  3 big kobolds
  22 bullfrogs
  Dowan (D:6)
  3 scorpions
  13 wights
  A howler monkey (D:12)
  4 crimson imps
  3 draconian simulacra (IceCv)
  3 centaur zombies
  6 hounds
  6 jellies
  3 centaur skeletons
  9 orc priests
  An iguana (D:8)
  14 orc wizards
  6 troll simulacra (IceCv)
  2 spriggan simulacra (IceCv)
  10 worker ants
  2 polar bear simulacra (IceCv)
  A wolf simulacrum (IceCv)
  3 centaur simulacra (IceCv)
  A worker ant zombie (D:6)
  10 gnolls
  10 adders
  3 naga simulacra (IceCv)
  3 ogre simulacra (IceCv)
  12 white imps (IceCv)
  An ooze (D:1)
  An adder skeleton (D:9)
  2 adder zombies
  2 worms
  4 dart slugs
  5 leopard geckos
  44 orcs
  3 giant cockroaches
  14 hobgoblins
  2 quokkas
  A ball python (D:1)
  5 bats
  3 frilled lizards
  7 goblins
  13 kobolds
  2 leopard gecko skeletons
  2 quokka skeletons
  A quokka zombie (D:5)
  6 rats
  3 fungi
491 creatures vanquished.

Vanquished Creatures (collateral kills)
  A hydra (Lair:4)
  A black mamba (Lair:3)
  3 rime drakes (Lair:4)
  3 hippogriffs (Lair:4)
  2 wyverns (Lair:4)
  4 basilisks (Lair:4)
  2 electric eels (D:11)
  A fungus (Lair:3)
17 creatures vanquished.

Vanquished Creatures (others)
  A fungus (Lair:6)
  9 plants
10 creatures vanquished.

Grand Total: 518 creatures vanquished

Notes
Turn   | Place    | Note
-------+----------+-------------------------------------------
     0 | D:1      | Firecrotchwizard the Deep Dwarf Fighter began the quest for
                  | the Orb.
     0 | D:1      | Reached XP level 1. HP: 20/20 MP: 1/1
    97 | D:1      | Reached XP level 2. HP: 27/27 MP: 2/2
   324 | D:1      | Reached skill level 3 in Fighting
   641 | D:2      | Reached XP level 3. HP: 31/34 MP: 2/2
   771 | D:2      | Reached skill level 3 in Maces & Flails
  1578 | D:3      | Reached skill level 4 in Shields
  1578 | D:3      | Reached XP level 4. HP: 38/42 MP: 3/3
  1593 | D:3      | Reached XP level 5. HP: 40/49 MP: 4/4
  1741 | D:3      | Reached skill level 4 in Maces & Flails
  1760 | D:3      | Found a white marble altar of Elyvilon.
  2189 | D:4      | Noticed a phantom
  3145 | D:5      | Entered Level 5 of the Dungeon
  3161 | D:5      | Reached XP level 6. HP: 50/57 MP: 5/5
  3167 | D:5      | Reached skill level 4 in Fighting
  3167 | D:5      | Reached skill level 5 in Maces & Flails
  3201 | D:5      | Reached skill level 5 in Shields
  3367 | D:5      | Found a glowing silver altar of Zin.
  3381 | D:5      | Noticed a sky beast
  3475 | D:4      | Reached XP level 7. HP: 51/64 MP: 5/5
  3528 | D:5      | Noticed Edmund
  3566 | D:4      | Killed Edmund
  3566 | D:4      | Reached skill level 6 in Maces & Flails
  3858 | D:6      | Got a fine golden amulet
  3859 | D:6      | Identified the amulet "Loteefuur" {+Rage rC- Str+3} (You
                  | found it on level 6 of the Dungeon)
  3958 | D:6      | Found a staircase to the Ecumenical Temple.
  3965 | Temple   | Entered the Ecumenical Temple
  4017 | Temple   | Became a worshipper of Makhleb the Destroyer
  4487 | D:7      | Reached skill level 5 in Fighting
  4487 | D:7      | Reached skill level 6 in Shields
  4487 | D:7      | Reached XP level 8. HP: 70/74 MP: 6/6
  4491 | D:7      | Reached skill level 7 in Maces & Flails
  4524 | D:7      | Noticed Duvessa
  4537 | D:7      | Noticed Dowan
  4555 | D:6      | Killed Duvessa
  4563 | D:6      | HP: 16/74 [poisoned by Dowan]
  4567 | D:6      | Killed Dowan
  4571 | D:6      | HP: 15/74 [bullfrog (5)]
  4890 | D:6      | Reached skill level 8 in Maces & Flails
  5044 | D:7      | Reached skill level 7 in Shields
  5106 | D:7      | Reached * piety under Makhleb
  5167 | D:7      | Found a sparkling altar of Nemelex Xobeh.
  5276 | D:7      | Reached skill level 6 in Fighting
  5276 | D:7      | Gained mutation: You passively map the area around you.
                  | [Deep Dwarf growth]
  5276 | D:7      | Reached XP level 9. HP: 61/82 MP: 3/3
  5338 | D:7      | Found a runed translucent door.
  5339 | D:7      | Noticed Crazy Yiuf
  5340 | D:7      | Got a polished mace
  5347 | D:7      | Identified the +8 mace of Descent {holy, Str+2} (You found
                  | it on level 7 of the Dungeon)
  5502 | D:8      | HP: 19/82 [ogre/+0 giant club (5)]
  5503 | D:8      | Reached skill level 9 in Maces & Flails
  5830 | D:8      | Found a shimmering altar of Xom.
  5831 | D:8      | Found an ancient bone altar of Kikubaaqudgha.
  5835 | D:8      | Found a basalt altar of Yredelemnul.
  5856 | D:8      | Found a shattered altar of Ashenzari.
  6316 | D:9      | Reached skill level 8 in Shields
  6379 | D:9      | Noticed a komodo dragon
  6387 | D:9      | Killed a komodo dragon
  6387 | D:9      | Reached skill level 10 in Maces & Flails
  6429 | D:9      | Reached skill level 7 in Fighting
  6468 | D:9      | Reached ** piety under Makhleb
  6526 | D:9      | Noticed a centaur warrior
  6540 | D:9      | Killed a centaur warrior
  6540 | D:9      | Reached XP level 10. HP: 70/94 MP: 3/3
  6781 | D:9      | Noticed an ice statue
  6854 | D:9      | Found a staircase to the Orcish Mines.
  6871 | D:9      | Reached skill level 9 in Shields
  7011 | D:9      | Reached skill level 11 in Maces & Flails
  7105 | D:9      | Identified a scroll of acquirement
  7369 | D:9      | Found Ecves's Book Shop.
  7460 | D:10     | Entered Level 10 of the Dungeon
  7541 | D:10     | Reached *** piety under Makhleb
  7554 | D:10     | Reached skill level 8 in Fighting
  7818 | D:10     | Noticed a gargoyle
  7829 | D:10     | Killed a gargoyle
  8009 | D:10     | Reached skill level 12 in Maces & Flails
  8009 | D:10     | Reached XP level 11. HP: 64/104 MP: 3/3
  8037 | D:10     | Reached skill level 10 in Shields
  8182 | D:11     | Reached **** piety under Makhleb
  8262 | D:11     | Reached skill level 1 in Invocations
  8363 | D:11     | Found Jojariuq's Book Boutique.
  8406 | D:11     | Noticed a brown ugly thing
  8423 | D:11     | Killed a brown ugly thing
  8423 | D:11     | Reached skill level 2 in Invocations
  8474 | D:11     | Noticed a sixfirhy
  8511 | D:11     | Found a white marble altar of Elyvilon.
  8601 | D:11     | Reached skill level 3 in Invocations
  8727 | D:11     | Noticed an ice dragon
  8758 | D:11     | HP: 22/104 [ice dragon/blast of cold (19)]
  8759 | D:11     | Killed an ice dragon
  8873 | D:11     | Found a staircase to the Lair.
  8906 | D:11     | Reached skill level 9 in Fighting
  8917 | D:11     | Reached skill level 4 in Invocations
  9127 | D:11     | Reached skill level 13 in Maces & Flails
  9685 | Lair:1   | Entered Level 1 of the Lair of Beasts
  9697 | Lair:1   | Found a frozen archway.
  9716 | IceCv    | Entered an ice cave
  9724 | IceCv    | Reached skill level 5 in Invocations
  9952 | IceCv    | Reached skill level 6 in Invocations
  9980 | IceCv    | Reached XP level 12. HP: 107/115 MP: 5/5
 10047 | IceCv    | Found an ancient bone altar of Kikubaaqudgha.
 10093 | IceCv    | Reached ***** piety under Makhleb
 10861 | Lair:1   | Reached skill level 14 in Maces & Flails
 10878 | Lair:1   | Reached skill level 7 in Invocations
 11511 | Lair:2   | Reached skill level 10 in Fighting
 11701 | Lair:2   | Found a staircase to the Swamp.
 11883 | Lair:2   | Noticed Sonja
 11908 | Lair:2   | Reached skill level 8 in Invocations
 12050 | Lair:2   | Noticed Nergalle
 12072 | Lair:2   | Killed Nergalle
 12124 | Lair:2   | Killed Sonja
 12533 | Lair:2   | HP: 23/117 [dream sheep (9)]
 12538 | Lair:2   | HP: 22/117 [dream sheep (1)]
 12656 | Lair:3   | Noticed a six-headed hydra
 12856 | Lair:3   | Noticed Gastronok
 12883 | Lair:3   | Killed Gastronok
 12883 | Lair:3   | Reached skill level 15 in Maces & Flails
 12883 | Lair:3   | Reached skill level 9 in Invocations
 13051 | Lair:3   | Reached XP level 13. HP: 101/124 MP: 6/6
 13479 | Lair:4   | Found a hole to the Spider Nest.
 13826 | Lair:4   | Got an iridescent war axe
 13828 | Lair:4   | Identified the cursed +1 war axe of Strategic Superiority
                  | {vamp, +Rage rN+ Dex+2} (You found it on level 4 of the
                  | Lair of Beasts)
 14484 | Lair:4   | Reached skill level 10 in Invocations
 14494 | Lair:4   | Reached skill level 11 in Fighting
 14941 | Lair:5   | Reached skill level 16 in Maces & Flails
 15580 | Lair:5   | Reached skill level 11 in Invocations
 16062 | Lair:6   | Entered Level 6 of the Lair of Beasts
 16248 | Lair:6   | Reached ****** piety under Makhleb
 16297 | Lair:6   | Reached skill level 11 in Shields
 16313 | Lair:6   | Gained mutation: You resist negative energy. (rN+) [Deep
                  | Dwarf growth]
 16313 | Lair:6   | Reached XP level 14. HP: 136/136 MP: 7/7
 16473 | Lair:6   | Found a staircase to the Slime Pits.
 16665 | Lair:6   | HP: 34/136 [19-headed hydra (4)]
 16665 | Lair:6   | HP: 12/136 [19-headed hydra (5)]
 16666 | Lair:6   | HP: 5/136 [20-headed hydra (4)]
 16666 | Lair:6   | Slain by a 20-headed hydra

Levels and vault maps discovered:
D:1:      minmay_arrival_split_and_join, layout_basic
D:2:      layout_basic
D:3:      layout_basic, elyvilon_altar_1
D:4:      cheibrodos_greedy_goblins, layout_loops_ring
D:5:      layout_rooms, zin_academy, first_ration, uniq_edmund
D:6:      cheibrodos_quashed, layout_loops_ring, minmay_temple_entry_tees
D:7:      layout_rooms, nemelex_altar_shiori, uniq_crazy_yiuf_cottage,
          uniq_duvessa
D:8:      layout_basic, evilmike_ruin_ashenzari,
          gammafunk_temple_overflow_forgotten
D:9:      lemuel_ice_statue, layout_irregular_city, orc_david_3, serial_shops,
          shop, blue_anna_alchemist [blue_anna_fruit_fields,
          blue_anna_fruit_fields], minmay_shattered_shrine
D:10:     layout_rooms, minmay_misc_feat_alley
D:11:     dragon1_lemuel, layout_basic, erik_lair_orcish_takeover, basic_altar,
          serial_shops, kennysheep_mini_moat, minmay_misc_feat_hallway
D:12:     layout_long_grid, nicolae_ru_awakened_eye, uniq_kirke
Temple:   regret_index_temple_sphere_string
Lair:1:   layout_cave_pods, portal_ice_cave_entry_pillars_1
Lair:2:   layout_regular_city, minmay_swamp_entry_worms,
          minmay_lair_oklob_chamber, uniq_nergalle, uniq_sonja
Lair:3:   layout_loops_ring, beast_lair_carwin_3, uniq_gastronok
Lair:4:   layout_layer_cave, nicolae_spider_entry_tight_spaces, special_room
          [special_room_mythical_zoo]
Lair:5:   layout_layer_cave, grunt_megastairs_3
Lair:6:   evil_forest, layout_cave_shapes, minmay_slime_entry_pillars
IceCv:    ice_cave_small_necro

Skill      XL: |  1  2  3  4  5  6  7  8  9 10 11 12 13 |
---------------+----------------------------------------+-----
Fighting       | 3 4 5 6 7 8 9 10 11 | 11.7
Maces & Flails | 3 4 5 6 8 10 12 13 15 16 | 16.0
Shields        | 4 5 6 7 8 9 10 11 | 11.5
Invocations    | 6 9 11 | 11.8
Armour         | |  3.2

Action                   |  1- 3 |  4- 6 |  7- 9 | 10-12 | 13-15 || total
-------------------------+-------+-------+-------+-------+-------++-------
Melee: Flail             |   137 |   168 |   260 |       |    11 ||   576
       Mace              |       |       |   114 |    53 |       ||   167
       Morningstar       |       |       |       |  1091 |    98 ||  1189
       War axe           |       |       |       |       |   363 ||   363
 Fire: Blowgun           |       |       |       |       |     2 ||     2
Invok: Minor Destruction |       |       |       |     5 |       ||     5
       Lesser Servant of |       |       |       |     3 |       ||     3
       Greater Servant o |       |       |       |       |     2 ||     2
       Major Destruction |       |       |       |       |     1 ||     1
 Abil: Heal Wounds       |     2 |     4 |    19 |    27 |     5 ||    57
Evoke: Wand              |       |     4 |     5 |    27 |     2 ||    38
  Use: Scroll            |       |     2 |     9 |    11 |     5 ||    27
       Potion            |       |       |     1 |       |     1 ||     2
 Stab: Confused          |       |       |     1 |     2 |       ||     3
  Eat: Chunk             |     2 |     6 |     5 |    22 |     5 ||    40
       Ration            |       |       |     2 |     2 |     4 ||     8
Armor: Scale mail        |    56 |    76 |   131 |   150 |       ||   413
       Ice dragon scales |       |       |       |   297 |   351 ||   648
       Chain mail        |       |       |       |    30 |       ||    30
Dodge: Dodged            |    45 |    51 |    88 |   276 |   218 ||   678
Block: Shield            |    94 |    84 |   191 |   694 |   467 ||  1530

Table legend:
 A = Non-vault XP
 B = Vault XP
 C = Vault XP percentage of total XP
 D = Non-vault monster count
 E = Vault monster count
 F = Vault count percentage of total count
                 A         B        C        D         E       F
            +---------+---------+-------+---------+---------+-------
      Total |   43314 |   25094 |  36.7 |     353 |     150 |  29.8
            +---------+---------+-------+---------+---------+-------
        D:1 |      38 |       0 |   0.0 |      21 |       0 |   0.0
        D:2 |      39 |       0 |   0.0 |      16 |       0 |   0.0
        D:3 |     182 |       0 |   0.0 |      23 |       0 |   0.0
        D:4 |     182 |     173 |  48.7 |       7 |       9 |  56.2
        D:5 |     453 |       0 |   0.0 |      10 |       0 |   0.0
        D:6 |     572 |     230 |  28.7 |      12 |       2 |  14.3
        D:7 |    1172 |       0 |   0.0 |      25 |       0 |   0.0
        D:8 |     741 |       0 |   0.0 |      15 |       0 |   0.0
        D:9 |    2336 |    2389 |  50.6 |      33 |      21 |  38.9
       D:10 |    3177 |       0 |   0.0 |      38 |       0 |   0.0
       D:11 |    4060 |    1581 |  28.0 |      36 |      10 |  21.7
       D:12 |     545 |       0 |   0.0 |       4 |       0 |   0.0
     Lair:1 |    1773 |       0 |   0.0 |      12 |       0 |   0.0
     Lair:2 |    4871 |    3395 |  41.1 |      23 |       9 |  28.1
     Lair:3 |    1261 |    2584 |  67.2 |       5 |       6 |  54.5
     Lair:4 |    4478 |    6164 |  57.9 |      15 |      27 |  64.3
     Lair:5 |    6384 |     238 |   3.6 |      26 |       2 |   7.1
     Lair:6 |   11050 |    2001 |  15.3 |      32 |      10 |  23.8
      IceCv |       0 |    6339 | 100.0 |       0 |      54 | 100.0
            +---------+---------+-------+---------+---------+-------

Levels and vault maps discovered:
D:1:      minmay_arrival_split_and_join, layout_basic
D:2:      layout_basic
D:3:      layout_basic, elyvilon_altar_1
D:4:      cheibrodos_greedy_goblins, layout_loops_ring
D:5:      layout_rooms, zin_academy, first_ration, uniq_edmund
D:6:      cheibrodos_quashed, layout_loops_ring, minmay_temple_entry_tees
D:7:      layout_rooms, nemelex_altar_shiori, uniq_crazy_yiuf_cottage,
          uniq_duvessa
D:8:      layout_basic, evilmike_ruin_ashenzari,
          gammafunk_temple_overflow_forgotten
D:9:      lemuel_ice_statue, layout_irregular_city, orc_david_3, serial_shops,
          shop, blue_anna_alchemist [blue_anna_fruit_fields,
          blue_anna_fruit_fields], minmay_shattered_shrine
D:10:     layout_rooms, minmay_misc_feat_alley
D:11:     dragon1_lemuel, layout_basic, erik_lair_orcish_takeover, basic_altar,
          serial_shops, kennysheep_mini_moat, minmay_misc_feat_hallway
D:12:     layout_long_grid, nicolae_ru_awakened_eye, uniq_kirke
Temple:   regret_index_temple_sphere_string
Lair:1:   layout_cave_pods, portal_ice_cave_entry_pillars_1
Lair:2:   layout_regular_city, minmay_swamp_entry_worms,
          minmay_lair_oklob_chamber, uniq_nergalle, uniq_sonja
Lair:3:   layout_loops_ring, beast_lair_carwin_3, uniq_gastronok
Lair:4:   layout_layer_cave, nicolae_spider_entry_tight_spaces, special_room
          [special_room_mythical_zoo]
Lair:5:   layout_layer_cave, grunt_megastairs_3
Lair:6:   evil_forest, layout_cave_shapes, minmay_slime_entry_pillars
IceCv:    ice_cave_small_necro

Table legend:
 A = Turns spent in this place as a percentage of turns spent in the entire game.
 B = Non-inter-level travel turns spent in this place as a percentage of non-inter-level travel turns spent in the entire game.
 C = Inter-level travel turns spent in this place as a percentage of turns spent in this place.
 D = Turns resting spent in this place as a percentage of non-inter-level travel turns spent in this place.
 E = Turns spent auto-exploring this place as a percentage of non-inter-level travel turns spent in this place.
 F = Non-inter-level travel turns spent in this place divided by the number of levels of this place that you've seen.
                   A       B       C       D       E      F
               +-------+-------+-------+-------+-------+----------------------
         Total | 100.0 | 100.0 |   4.1 |  10.4 |  60.2 | 799.4
       Dungeon |  57.6 |  56.5 |   6.0 |  11.4 |  58.3 | 752.2
        Temple |   0.5 |   0.3 |  32.1 |   0.0 |  79.2 |  53.0
          Lair |  36.9 |  38.0 |   1.2 |   8.4 |  69.0 | 1013.0
      Ice Cave |   5.0 |   5.2 |   0.0 |  16.0 |  16.5 | 830.0
               +-------+-------+-------+-------+-------+----------------------

Table legend:
 A = Kills in this place as a percentage of kills in entire the game.
 B = Kills by you in this place as a percentage of kills by you in the entire game.
 C = Kills by friends in this place as a percentage of kills by friends in the entire game.
 D = Other kills in this place as a percentage of other kills in the entire game.
 E = Experience gained in this place as a percentage of experience gained in the entire game.
 F = Experience gained in this place divided by the number of levels of this place that you have seen.
                   A       B       C       D       E      F
               +-------+-------+-------+-------+-------+----------------------
         Total | 100.0 | 100.0 | 100.0 | 100.0 | 100.0 | 3420.4
       Dungeon |  56.1 |  57.6 |  12.5 |   0.0 |  26.1 | 1489.2
          Lair |  33.2 |  31.3 |  87.5 | 100.0 |  64.6 | 7366.5
      Ice Cave |  10.7 |  11.1 |   0.0 |   0.0 |   9.3 | 6339.0
               +-------+-------+-------+-------+-------+----------------------
